[Event "Titled Tuesday Blitz February 28 Early 2023"]
[White "Berkes, Ferenc"]
[Black "Devaev, Alexander"]
[WhiteFideId "718572"]
[BlackFideId "4169395"]
[WhiteElo "2664"]
[BlackElo "2225"]
[Result "0-1"]
[Round "10"]
[TimeControl "180+2"]
[Date "2023.02.28"]
[WhiteClock "0:00:23"]
[BlackClock "0:00:06"]

1. e4 c6 2. Nf3 d5 3. d3 Bg4 4. Nbd2 e6 5. h3 Bh5 6. g3 Nd7 7. Bg2 Bxf3 8. Nxf3 Ne7 9. O-O Ng6 10. Qe2 Be7 11. Bd2 O-O 12. h4 Re8 13. h5 Ngf8 14. Rae1 Qb6 15. b3 a5 16. a4 Bb4 17. h6 g6 18. Nh2 Bxd2 19. Qxd2 Qb4 20. c3 Qxb3 21. Rb1 Qxa4 22. Rxb7 Reb8 23. Rfb1 Rxb7 24. Rxb7 Rb8 25. Rxb8 Nxb8 26. Ng4 Nbd7 27. Qf4 Qa1+ 28. Kh2 Qxc3 29. e5 Qb4 30. d4 Qe7 31. Nf6+ Nxf6 32. exf6 Qa7 33. Qd6 a4 34. Qa3 Qa8 35. g4 Nd7 36. g5 Nb6 37. Bf1 Nc4 38. Bxc4 dxc4 39. Kg3 Qb8+ 40. Kg2 Qb7 41. Qe7 Qa8 42. Qa3 c5+ 43. d5 exd5 44. f3 d4 45. Qxc5 c3 46. Qxd4 Qc8 47. Qxa4 c2 48. Qd7 Qxd7 0-1


[Site "https://www.chess.com"]

[Event "Titled Tuesday Blitz February 28 Early 2023"]
[White "Pein, Jonathan"]
[Black "Yurasova, Daria"]
[WhiteFideId "417092"]
[BlackFideId "34146919"]
[WhiteElo "2151"]
[BlackElo "2134"]
[Result "0-1"]
[Round "10"]
[TimeControl "180+2"]
[Date "2023.02.28"]
[WhiteClock "0:00:05"]
[BlackClock "0:00:09"]

1. e4 e5 2. Nf3 Nc6 3. Nc3 Nf6 4. d4 exd4 5. Nd5 Be7 6. Bf4 d6 7. Nxd4 O-O 8. Nb5 Nxd5 9. exd5 Ne5 10. Qd2 Bf6 11. O-O-O a6 12. Nc3 b5 13. Ne4 Nc4 14. Nxf6+ Qxf6 15. Qd4 Qxd4 16. Rxd4 Nb6 17. Be2 Bb7 18. Bf3 Rfe8 19. b3 Nd7 20. Kd1 Ne5 21. Be2 Ng6 22. Be3 Ne7 23. Bf3 Nf5 24. Rd3 Nxe3+ 25. Rxe3 Rxe3 26. fxe3 Re8 27. Kd2 f5 28. c4 Kf7 29. Rc1 Re7 30. h4 g6 31. a4 b4 32. a5 Bc8 33. c5 dxc5 34. Rxc5 Bb7 35. Kd3 Kf6 36. Kd4 h6 37. Rc4 g5 38. Rxb4 Bc8 39. hxg5+ hxg5 40. Rb8 Bd7 41. g3 Bb5 42. Rb7 Rd7 43. e4 fxe4 44. Bxe4 g4 45. b4 Bf1 46. Ra7 Bb5 47. Rb7 Ba4 48. Kc5 Bb5 49. Ra7 Ke5 50. Bg2 Rf7 51. Ra8 Rf2 52. Re8+ Bxe8 53. b5 Bxb5 0-1


[Site "https://www.chess.com"]

[Event "Titled Tuesday Blitz February 28 Early 2023"]
[White "Hajiyev, Kanan"]
[Black "Khamdamova, Afruza"]
[WhiteFideId "13404148"]
[BlackFideId "14210444"]
[WhiteElo "2103"]
[BlackElo "2210"]
[Result "1-0"]
[Round "10"]
[TimeControl "180+2"]
[Date "2023.02.28"]
[WhiteClock "0:01:08"]
[BlackClock "0:00:04"]

1. d4 Nf6 2. Nf3 d5 3. c4 e6 4. cxd5 exd5 5. Nc3 Be7 6. Bf4 O-O 7. Qc2 c6 8. e3 Re8 9. Bd3 Nbd7 10. O-O Nf8 11. Rab1 a5 12. a3 Ng6 13. Bg3 Bd6 14. b4 axb4 15. axb4 Ne4 16. Nxe4 dxe4 17. Bxe4 Bxg3 18. hxg3 Be6 19. b5 Ra2 20. Qd3 Bd5 21. Bxd5 cxd5 22. Qb3 Ra8 23. Rfc1 Qd6 24. Rc5 Ne7 25. b6 Ra6 26. Qb5 Rea8 27. Ne5 f6 28. Nd3 Ra3 29. Nf4 Ra1 30. Kh2 Rxb1 31. Qxb1 Ra6 32. Nxd5 Nxd5 33. Qb3 Rxb6 34. Qc4 Qe6 35. Rxd5 h6 36. Rd8+ 1-0


[Site "https://www.chess.com"]

[Event "Titled Tuesday Blitz February 28 Early 2023"]
[White "Toktomushev, Teimur"]
[Black "Omelja, Artem"]
[WhiteFideId "14176726"]
[BlackFideId "14119846"]
[WhiteElo "2106"]
[BlackElo "2404"]
[Result "1/2-1/2"]
[Round "10"]
[TimeControl "180+2"]
[Date "2023.02.28"]
[WhiteClock "0:00:05"]
[BlackClock "0:01:25"]

1. d4 Nf6 2. c4 e6 3. Nf3 b6 4. g3 Bb7 5. Bg2 Bb4+ 6. Bd2 Qe7 7. O-O O-O 8. a3 Bxd2 9. Qxd2 Ne4 10. Qc2 d6 11. Nfd2 f5 12. Nxe4 fxe4 13. Bxe4 Bxe4 14. Qxe4 Nd7 15. Nc3 Nf6 16. Qd3 e5 17. e4 Rae8 18. f3 h5 19. Nd5 Nxd5 20. exd5 h4 21. Rae1 hxg3 22. hxg3 Qg5 23. Kg2 exd4 24. Qxd4 Qf5 25. Qf2 Qd3 26. Rxe8 Rxe8 27. Re1 Rxe1 28. Qxe1 Qc2+ 29. Kh3 Qf5+ 30. Kg2 Qc2+ 31. Kh3 Qxc4 32. Qe8+ Kh7 33. Qh5+ Kg8 34. Qe8+ Kh7 35. Qh5+ Kg8 36. Qe8+ 1/2-1/2


[Site "https://www.chess.com"]

[Event "Titled Tuesday Blitz February 28 Early 2023"]
[White "Nguyen Hong Nhung"]
[Black "Petrova, Irina"]
[WhiteFideId "12412201"]
[BlackFideId "14124122"]
[WhiteElo "1904"]
[BlackElo "2084"]
[Result "1-0"]
[Round "10"]
[TimeControl "180+2"]
[Date "2023.02.28"]
[WhiteClock "0:00:12"]
[BlackClock "0:00:09"]

1. e4 d6 2. d4 g6 3. Nc3 Nf6 4. f4 Bg7 5. Nf3 O-O 6. Bd3 Nc6 7. e5 dxe5 8. fxe5 Nd5 9. Qe2 Bg4 10. Nxd5 Qxd5 11. c3 Rad8 12. Be4 Qa5 13. O-O f6 14. Qc4+ Kh8 15. Bxc6 bxc6 16. exf6 exf6 17. Qxc6 Rd6 18. Qc4 Be6 19. Qe2 Re8 20. Bf4 Bf7 21. Qd2 Rde6 22. Rf2 g5 23. Bg3 Bh5 24. d5 Re4 25. b4 Qb5 26. Bxc7 Qc4 27. d6 Bxf3 28. Rxf3 Re2 29. Qd3 Qg4 30. Rg3 Qf4 31. Rf1 Re1 32. d7 Qxc7 33. dxe8=Q+ Rxe8 34. Re3 Rd8 35. Qe2 Qc8 36. Kh1 h6 37. Re1 Kh7 38. Rd3 Rf8 39. Qe6 Qc7 40. Rd7 Qf4 41. Qe7 Rg8 42. h3 Qf2 43. Qe4+ f5 44. Qe6 Kh8 45. Rf7 f4 46. Qe2 Qb6 47. Qc4 Qf2 48. Rfe7 Qg3 49. Qe2 Bxc3 50. Qf3 Qxe1+ 51. Rxe1 Bxe1 52. Qe4 Rg7 53. Qxe1 Kh7 54. Qe4+ Kg8 55. Qf3 Kh7 56. a3 Kh8 57. Qd3 Kg8 58. Qd4 Kf7 59. b5 Rg6 60. Qxa7+ Ke6 61. b6 Kf5 62. b7 Rg8 63. b8=Q Rxb8 64. Qxb8 Ke4 65. Qd6 Ke3 66. Qxh6 Kf2 67. Qxg5 f3 68. gxf3 Kxf3 69. Qg2+ 1-0


[Site "https://www.chess.com"]

[Event "Titled Tuesday Blitz February 28 Early 2023"]
[White "Kalajzic, Ivan"]
[Black "Delgado Rosas, Fatima Alexandra"]
[WhiteFideId "14506378"]
[BlackFideId "6603963"]
[WhiteElo "2203"]
[BlackElo "2337"]
[Result "0-1"]
[Round "10"]
[TimeControl "180+2"]
[Date "2023.02.28"]
[WhiteClock "0:00:01"]
[BlackClock "0:01:32"]

1. b3 Nf6 2. Bb2 d5 3. e3 c6 4. Nf3 g6 5. d4 Bg7 6. Nbd2 O-O 7. Be2 Nbd7 8. O-O b6 9. Ne5 Bb7 10. f4 Ne8 11. Bf3 Nd6 12. c4 f6 13. Nxd7 Qxd7 14. Ba3 Rfe8 15. Bxd6 Qxd6 16. cxd5 cxd5 17. a3 Rac8 18. b4 Rc3 19. Re1 Rec8 20. Nb1 Rc2 21. Be2 e5 22. Bd3 Rc1 23. Qd2 Rxe1+ 24. Qxe1 exf4 25. Nd2 f5 26. Nf3 Re8 27. Rc1 Bxd4 28. Nxd4 Rxe3 29. Qd1 Qe5 30. Bf1 Rxa3 31. Nf3 Qe3+ 32. Kh1 d4 33. Rc7 Bxf3 34. Bc4+ Kf8 35. Qxf3 Ra1+ 36. Bf1 Qxf3 37. gxf3 Rxf1+ 38. Kg2 Rb1 39. Rxa7 d3 40. Rd7 Rb2+ 41. Kh3 d2 42. Kh4 h6 43. h3 Ke8 44. b5 g5+ 45. Kh5 Kxd7 46. Kg6 d1=Q 0-1


[Site "https://www.chess.com"]

[Event "Titled Tuesday Blitz February 28 Early 2023"]
[White "Skaric, Djuro"]
[Black "Sokac, Marko"]
[WhiteFideId "934569"]
[BlackFideId "14531356"]
[WhiteElo "2282"]
[BlackElo "2355"]
[Result "0-1"]
[Round "10"]
[TimeControl "180+2"]
[Date "2023.02.28"]
[WhiteClock "0:01:44"]
[BlackClock "0:01:47"]

1. g3 e5 2. Bg2 Nf6 3. d3 d5 4. Nc3 Nc6 5. Nf3 h6 6. O-O Be6 7. e4 Qd7 8. Re1 Bb4 9. Bd2 d4 10. Ne2 Bxd2 11. Qxd2 O-O 12. h3 Bxh3 13. Nh4 Bxg2 14. Kxg2 Ne7 15. Rh1 Ng4 16. Qd1 f5 17. c3 fxe4 18. Qb3+ Kh7 19. f3 exf3+ 20. Nxf3 Ne3+ 21. Kf2 Rxf3+ 22. Kxf3 Rf8+ 23. Nf4 Qg4+ 24. Kf2 Rxf4+ 25. gxf4 Qg2+ 26. Ke1 Qxh1+ 27. Kd2 Qxa1 28. cxd4 exd4 0-1


[Site "https://www.chess.com"]

[Event "Titled Tuesday Blitz February 28 Early 2023"]
[White "Cheng, Xiao"]
[Black "Liu, Casper"]
[WhiteFideId "2022915"]
[BlackFideId "1454153"]
[WhiteElo "2473"]
[BlackElo "2221"]
[Result "1-0"]
[Round "10"]
[TimeControl "180+2"]
[Date "2023.02.28"]
[WhiteClock "0:01:45"]
[BlackClock "0:02:05"]

1. e4 c5 2. Nf3 d6 3. d4 Nf6 4. Nc3 cxd4 5. Nxd4 Nc6 6. Bc4 e6 7. Be3 Bd7 8. Bb3 Rc8 9. Qe2 a6 10. O-O-O Na5 11. Kb1 Nxb3 12. cxb3 Be7 13. g4 e5 14. Nf5 g6 15. Nxd6+ Bxd6 16. Rxd6 Qe7 17. Rhd1 Bxg4 18. f3 Be6 19. Bh6 Nd5 20. Nxd5 Qxd6 21. Nf6+ Ke7 22. Rxd6 Kxd6 23. Nd5 Bxd5 24. exd5 Kxd5 25. Qe4+ Ke6 26. f4 Rhd8 27. Qxe5+ Kd7 28. a4 Kc6 29. f5 Rd1+ 30. Ka2 Rcd8 31. b4 R1d4 32. b5+ axb5 33. Qxb5+ Kc7 34. Qc5+ Kb8 35. Bf4+ 1-0


[Site "https://www.chess.com"]

[Event "Titled Tuesday Blitz February 28 Early 2023"]
[White "Sliwicki, Damian"]
[Black "Goltseva, Ekaterina"]
[WhiteFideId "1127128"]
[BlackFideId "24173770"]
[WhiteElo "1988"]
[BlackElo "2200"]
[Result "1-0"]
[Round "10"]
[TimeControl "180+2"]
[Date "2023.02.28"]
[WhiteClock "0:00:15"]
[BlackClock "0:00:04"]

1. e4 c6 2. Nc3 d5 3. Qf3 d4 4. Bc4 e6 5. Nce2 Nf6 6. d3 e5 7. Qg3 Nbd7 8. Bg5 Be7 9. f4 h6 10. Bxf6 Bxf6 11. Nf3 Qe7 12. O-O O-O 13. Rae1 b5 14. Bb3 c5 15. Bd5 Rb8 16. Bc6 c4 17. Bxd7 Qxd7 18. fxe5 Be7 19. e6 Qd6 20. exf7+ Rxf7 21. e5 Qb6 22. Nfxd4 Rxf1+ 23. Rxf1 cxd3 24. Qxd3 Bc5 25. Kh1 Bb7 26. e6 Rd8 27. Qg6 Bxd4 28. e7 Qxg6 29. exd8=Q+ Kh7 30. Nf4 Qe4 31. c3 Be5 32. Qd3 Bxf4 33. Qxe4+ Bxe4 34. Rxf4 Bd5 35. Rf5 Bxa2 36. Rxb5 Bc4 37. Rb7 a6 38. Kg1 Kg6 39. Rc7 Bb5 40. c4 Ba4 41. Kf2 Kf6 42. Ke3 g5 43. Rc5 Ke6 44. Ra5 Bb3 45. Rxa6+ Ke5 46. Rxh6 Bxc4 47. Rh5 Kf5 48. h4 Kg4 49. Rxg5+ Kxh4 50. Rg7 Bd5 51. Kf4 Kh5 52. Rg5+ Kh6 53. Rxd5 1-0


[Site "https://www.chess.com"]

[Event "Titled Tuesday Blitz February 28 Early 2023"]
[White "Vivas Zamora, Fabian Ernesto"]
[Black "Klepikov, Nikita"]
[WhiteFideId "3902480"]
[BlackFideId "24145220"]
[WhiteElo "2262"]
[BlackElo "2025"]
[Result "1-0"]
[Round "10"]
[TimeControl "180+2"]
[Date "2023.02.28"]
[WhiteClock "0:00:22"]
[BlackClock "0:00:11"]

1. c4 e5 2. Nc3 Nf6 3. Nf3 Nc6 4. e4 Be7 5. d4 exd4 6. Nxd4 Nxd4 7. Qxd4 O-O 8. Be2 Bb4 9. O-O c5 10. Qd3 Bxc3 11. bxc3 Re8 12. Bf3 d6 13. Bf4 Be6 14. Rad1 Qa5 15. Rd2 Rad8 16. Bxd6 Nd7 17. Qe3 Nb6 18. Be2 Nxc4 19. Bxc4 Bxc4 20. Rfd1 b6 21. Qg3 f6 22. Bf8 Rxf8 23. Rxd8 Qxc3 24. Rxf8+ Kxf8 25. Qxc3 1-0


[Site "https://www.chess.com"]

[Event "Titled Tuesday Blitz February 28 Early 2023"]
[White "Sailer, Mike"]
[Black "Bas Mas, Jose Joaquin"]
[WhiteFideId "2012901"]
[BlackFideId "22219064"]
[WhiteElo "2109"]
[BlackElo "2233"]
[Result "0-1"]
[Round "10"]
[TimeControl "180+2"]
[Date "2023.02.28"]
[WhiteClock "0:00:02"]
[BlackClock "0:00:15"]

1. d4 d5 2. Bg5 Nf6 3. Bxf6 exf6 4. e3 f5 5. Nf3 g6 6. c4 dxc4 7. Bxc4 Be7 8. O-O c6 9. Nc3 O-O 10. Qb3 Nd7 11. a4 Nb6 12. Be2 Be6 13. Qc2 a5 14. Ne5 Kg7 15. b3 h5 16. Nc4 h4 17. h3 Nd5 18. Nxd5 Bxd5 19. Nd2 Bd6 20. Bc4 Bc7 21. Bxd5 Qxd5 22. Qc4 Rfd8 23. Qxd5 Rxd5 24. Rfc1 f4 25. Nf3 fxe3 26. fxe3 Re8 27. Rc3 Bg3 28. Nd2 f5 29. Nc4 f4 30. exf4 Rxd4 31. Nxa5 Re2 32. Kh1 Rxf4 33. Rxg3 hxg3 34. Nxb7 Rff2 35. Rg1 Rb2 36. Nd8 Rxb3 37. Nxc6 Ra3 38. a5 Rc2 39. Nd4 Rc4 40. Ne2 Re4 41. Nc1 Rxa5 42. Nd3 Re3 43. Nf4 Ra2 44. Nd5 Ree2 45. Nf4 Rf2 46. Nd3 Rfd2 47. Nf4 Kh6 48. Ne6 g5 49. Nc5 Kg6 50. Ne4 Re2 51. Nc3 g4 0-1


[Site "https://www.chess.com"]

[Event "Titled Tuesday Blitz February 28 Early 2023"]
[White "Prieto Aranguren, Alain"]
[Black "Berezin, Viktor"]
[WhiteFideId "2268906"]
[BlackFideId "14107872"]
[WhiteElo "2209"]
[BlackElo "2310"]
[Result "0-1"]
[Round "10"]
[TimeControl "180+2"]
[Date "2023.02.28"]
[WhiteClock "0:01:23"]
[BlackClock "0:00:15"]

1. d4 Nf6 2. Bg5 Ne4 3. Bf4 d6 4. Nc3 Nxc3 5. bxc3 g6 6. h4 h5 7. Nh3 Bg7 8. Ng5 c5 9. e3 Nc6 10. Bc4 d5 11. Bd3 e5 12. Bg3 cxd4 13. exd4 exd4 14. Qe2+ Qe7 15. Qxe7+ Nxe7 16. O-O O-O 17. Bd6 Re8 18. Rfe1 Bf8 19. cxd4 Bf5 20. Bb5 Nc6 21. Bxf8 Kxf8 22. c3 a6 23. Ba4 Rxe1+ 24. Rxe1 Rc8 25. Bb3 Ne7 26. Re3 b5 27. f3 a5 28. a4 b4 29. cxb4 axb4 30. Kh2 Rc3 31. Rxc3 bxc3 32. a5 c2 33. Bxc2 Bxc2 34. a6 Nc6 35. g4 Bd3 36. gxh5 gxh5 37. Kg3 Bxa6 38. Kf4 Ke7 39. Nh7 Bc4 40. Kg5 Nxd4 41. f4 Ne6+ 42. Kxh5 Nxf4+ 43. Kg5 Ne6+ 44. Kf5 Bd3+ 45. Ke5 Bxh7 46. Kxd5 Kf6 0-1


[Site "https://www.chess.com"]

[Event "Titled Tuesday Blitz February 28 Early 2023"]
[White "Hoffmann, Asa"]
[Black "Sharapov, Evgeny"]
[WhiteFideId "2001470"]
[BlackFideId "14103133"]
[WhiteElo "2117"]
[BlackElo "2367"]
[Result "1-0"]
[Round "10"]
[TimeControl "180+2"]
[Date "2023.02.28"]
[WhiteClock "0:00:07"]
[BlackClock "0:00:16"]

1. d4 Nf6 2. Bg5 c5 3. d5 Ne4 4. Bc1 d6 5. f3 Nf6 6. e4 g6 7. Nc3 Bg7 8. Be3 O-O 9. Qd2 a6 10. Bh6 b5 11. h4 b4 12. Nce2 e6 13. dxe6 Bxe6 14. Bxg7 Kxg7 15. h5 Nbd7 16. Nf4 Qe7 17. hxg6 fxg6 18. O-O-O Bxa2 19. Qxd6 Qxd6 20. Rxd6 Bg8 21. Ngh3 a5 22. Ng5 Rfb8 23. Nfe6+ Bxe6 24. Nxe6+ Kf7 25. Bc4 Ke7 26. Rhd1 Ne5 27. Be2 Nh5 28. Nc7 Nf4 29. Bf1 Ra7 30. Na6 Rc8 31. g3 Ne6 32. f4 Ng4 33. Bb5 Nd4 34. Rb6 Nxb5 35. Rxb5 Rxa6 36. Rb7+ Kf6 37. Rxh7 a4 38. e5+ Kf5 39. Rf7+ Ke4 40. Re1+ Kf3 41. e6 a3 42. bxa3 bxa3 43. e7 a2 44. Kb2 Re8 45. Ka1 Ne3 46. Rc1 Nd5 47. f5 Rxe7 48. fxg6+ Kxg3 49. g7 Rg6 50. Rg1+ Kh2 51. Rxg6 Rxf7 52. g8=Q Rf1+ 53. Kxa2 Nb4+ 54. Kb3 Rf3+ 55. Kc4 1-0


[Site "https://www.chess.com"]

[Event "Titled Tuesday Blitz February 28 Early 2023"]
[White "Rian, Kapriaga"]
[Black "Tologon tegin, Semetei"]
[WhiteFideId "7103263"]
[BlackFideId "13800574"]
[WhiteElo "2380"]
[BlackElo "2247"]
[Result "0-1"]
[Round "10"]
[TimeControl "180+2"]
[Date "2023.02.28"]
[WhiteClock "0:00:01"]
[BlackClock "0:00:18"]

1. d4 d5 2. Nf3 c6 3. Bg5 Qb6 4. Qc1 Bf5 5. e3 Nd7 6. c4 Bxb1 7. Qxb1 dxc4 8. Bxc4 Qb4+ 9. Nd2 Ngf6 10. Bxf6 Nxf6 11. a3 Qd6 12. O-O e6 13. Ne4 Nxe4 14. Qxe4 Be7 15. Bd3 g6 16. b4 O-O 17. Rfc1 Rfc8 18. g3 a5 19. b5 cxb5 20. Rxc8+ Rxc8 21. Bxb5 b6 22. a4 Qd8 23. h4 h5 24. Rd1 Bb4 25. d5 exd5 26. Rxd5 Qf6 27. Kg2 Kg7 28. Rd7 Rd8 29. Rb7 Rd2 30. Qf3 Rd6 31. Bc4 Qxf3+ 32. Kxf3 Rf6+ 33. Ke2 Bc5 34. f4 Kf8 35. e4 Be7 36. Bd5 Rd6 37. Kd3 f5 38. Kc4 fxe4 39. Bxe4 Re6 40. Kd3 Bc5 41. Rd7 Bf2 42. Bd5 Rf6 43. Ke4 Bxg3 44. f5 Rxf5 45. Bc4 Rf4+ 46. Kd5 Bxh4 47. Bb5 Rf6 48. Bc4 Bg3 49. Bd3 h4 50. Rh7 Kg8 0-1


[Site "https://www.chess.com"]

[Event "Titled Tuesday Blitz February 28 Early 2023"]
[White "Toncheva, Nadya"]
[Black "Fernandez Garcia, Gumersindo"]
[WhiteFideId "2924056"]
[BlackFideId "24516740"]
[WhiteElo "2101"]
[BlackElo "2093"]
[Result "1/2-1/2"]
[Round "10"]
[TimeControl "180+2"]
[Date "2023.02.28"]
[WhiteClock "0:00:04"]
[BlackClock "0:00:03"]

1. e4 Nf6 2. e5 Nd5 3. c4 Nb6 4. d4 d6 5. exd6 cxd6 6. Nc3 g6 7. h3 Bg7 8. Nf3 O-O 9. Bd3 Nc6 10. Be3 e5 11. d5 Ne7 12. O-O f5 13. Ng5 h6 14. Ne6 Bxe6 15. dxe6 Rc8 16. Qb3 Nc6 17. c5 Na5 18. e7+ Nxb3 19. exd8=Q Rfxd8 20. axb3 dxc5 21. Bc4+ Nxc4 22. bxc4 a6 23. Rfd1 e4 24. Rxd8+ Rxd8 25. Bxc5 Rc8 26. Ra5 Bf6 27. Nd5 Bd8 28. b4 Kf7 29. Ra1 a5 30. Rc1 Bg5 31. Rc2 Bd8 32. Kf1 g5 33. Ke2 f4 34. g3 fxg3 35. fxg3 Ke6 36. Ke3 axb4 37. Bxb4 b5 38. Kxe4 bxc4 39. Ne3 Ra8 40. Rxc4 Ra6 41. g4 Bf6 42. Nf5 h5 43. gxh5 Ra1 44. Rc6+ Kf7 45. h6 Rh1 46. Rc7+ Kg6 47. h4 gxh4 48. h7 h3 49. Nh4+ Kh5 50. Nf3 h2 51. Kf4 Rf1 52. h8=Q+ Bxh8 53. Rh7+ Kg6 54. Rxh8 h1=Q 55. Rxh1 Rxh1 56. Ne5+ Kf6 57. Ng4+ Ke6 58. Bc3 Rc1 59. Bd2 Rc2 60. Be3 Kd5 61. Nf6+ Kc4 62. Ke4 Ra2 63. Nd7 Ra6 64. Ne5+ Kc3 65. Nf3 Re6+ 66. Ne5 Rxe5+ 67. Kxe5 1/2-1/2


[Site "https://www.chess.com"]

[Event "Titled Tuesday Blitz February 28 Early 2023"]
[White "Prudnykova, Olga"]
[Black "Kavutskiy, Konstantin"]
[WhiteFideId "14121093"]
[BlackFideId "2026384"]
[WhiteElo "2174"]
[BlackElo "2369"]
[Result "0-1"]
[Round "10"]
[TimeControl "180+2"]
[Date "2023.02.28"]
[WhiteClock "0:00:43"]
[BlackClock "0:01:09"]

1. e4 Nc6 2. d4 d6 3. Nc3 Nf6 4. h3 g6 5. g4 Bg7 6. Bg2 e5 7. Nge2 O-O 8. d5 Nd4 9. Be3 Nxe2 10. Nxe2 h5 11. gxh5 Nxh5 12. Qd2 a6 13. O-O-O b5 14. Ng3 Nf4 15. Bf1 Qh4 16. Kb1 Kh7 17. Ne2 Nh5 18. f4 exf4 19. Nxf4 Nxf4 20. Bxf4 Qf6 21. Qc1 Re8 22. Bd3 a5 23. Rdf1 a4 24. Bg5 Qd4 25. Rxf7 Kg8 26. Rxc7 a3 27. c3 Qxd3+ 28. Qc2 Qxc2+ 29. Kxc2 axb2 30. Kxb2 b4 31. Rf1 Bxc3+ 32. Kb1 Bxh3 33. Rff7 Bg2 34. Bd2 Bxe4+ 35. Kc1 Bxd2+ 36. Kxd2 Rxa2+ 37. Ke3 Bxd5+ 38. Kd4 Bxf7 0-1


[Site "https://www.chess.com"]

[Event "Titled Tuesday Blitz February 28 Early 2023"]
[White "Golubev, Mikhail"]
[Black "Alahakoon, Isuru"]
[WhiteFideId "14100983"]
[BlackFideId "9900993"]
[WhiteElo "2374"]
[BlackElo "1995"]
[Result "0-1"]
[Round "10"]
[TimeControl "180+2"]
[Date "2023.02.28"]
[WhiteClock "0:00:12"]
[BlackClock "0:01:05"]

1. e4 d5 2. exd5 Qxd5 3. Nf3 Nf6 4. d4 Bg4 5. Be2 Nc6 6. c4 Qh5 7. d5 Ne5 8. Nbd2 O-O-O 9. O-O e6 10. Nxe5 Bxe2 11. Qa4 Bxf1 12. Ndf3 Bc5 13. Kxf1 exd5 14. b4 Bd6 15. Bf4 Rhe8 16. Re1 Ng4 17. Qxa7 Nxe5 18. Bxe5 Bxe5 19. c5 c6 20. b5 Bb8 21. Qa4 Rxe1+ 22. Nxe1 Re8 23. Qg4+ Qxg4 0-1


[Site "https://www.chess.com"]

[Event "Titled Tuesday Blitz February 28 Early 2023"]
[White "Melikhov, Evgeny V."]
[Black "Fawzy, Adham"]
[WhiteFideId "4122046"]
[BlackFideId "10613129"]
[WhiteElo "2158"]
[BlackElo "2543"]
[Result "1-0"]
[Round "10"]
[TimeControl "180+2"]
[Date "2023.02.28"]
[WhiteClock "0:00:04"]
[BlackClock "0:00:03"]

1. d4 Nf6 2. c4 g6 3. Nc3 Bg7 4. e4 d6 5. f3 O-O 6. Be3 c5 7. Nge2 Nc6 8. d5 Ne5 9. Ng3 h5 10. Be2 h4 11. Nf1 e6 12. Bg5 Qb6 13. Qb3 h3 14. Ne3 exd5 15. Ncxd5 Nxd5 16. Nxd5 Qxb3 17. axb3 f5 18. exf5 Bxf5 19. Ne7+ Kf7 20. Nxf5 gxf5 21. gxh3 Nc6 22. Kf2 Bxb2 23. Ra2 Bd4+ 24. Kg2 Rg8 25. h4 f4 26. Bd3 Bf6 27. Be4 Rg7 28. Bd5+ Kf8 29. Bxc6 bxc6 30. Re1 Bxg5 31. hxg5 Rxg5+ 32. Kf2 Re5 33. Rxe5 dxe5 34. Ra5 Ke7 35. Rxc5 Kd6 36. Ra5 Rb8 37. Rxa7 Rxb3 38. h4 Rb2+ 39. Kg1 Kc5 40. Rc7 Kxc4 41. Rxc6+ Kd4 42. h5 Ke3 43. Rc3+ Kd4 44. Rc6 Rb7 45. h6 Rh7 46. Kg2 Kd5 47. Ra6 Kd4 48. Kf2 Kd3 49. Ra3+ Kd4 50. Ra6 Rb7 51. Rd6+ Kc5 52. Ra6 Kd5 53. Kg2 Kd4 54. Ra4+ Kc3 55. Re4 Re7 56. Kh3 Kd3 57. Kg4 Re8 58. Kf5 Ra8 59. Rxe5 Ra1 60. Kg6 Rh1 61. Rh5 Rg1+ 62. Kf7 Ke3 63. h7 Kxf3 64. h8=Q Kf2 65. Rh2+ Rg2 66. Rxg2+ Kxg2 67. Qg7+ Kf2 68. Qb2+ Kg3 69. Qe5 Kg4 70. Qe2+ f3 71. Qf2 Kf4 72. Kg6 Kg4 73. Kh6 1-0


[Site "https://www.chess.com"]

[Event "Titled Tuesday Blitz February 28 Early 2023"]
[White "Jiganchine, Roman"]
[Black "Chernomordik, Pavel"]
[WhiteFideId "2603667"]
[BlackFideId "2804530"]
[WhiteElo "2295"]
[BlackElo "2193"]
[Result "0-1"]
[Round "10"]
[TimeControl "180+2"]
[Date "2023.02.28"]
[WhiteClock "0:00:17"]
[BlackClock "0:01:03"]

1. e4 g6 2. d4 Bg7 3. Nc3 d6 4. Be3 a6 5. Qd2 b5 6. h4 h6 7. f4 h5 8. Nf3 Nf6 9. e5 Ng4 10. Bg1 Nd7 11. e6 fxe6 12. Bd3 Nf8 13. O-O-O Bb7 14. Ng5 Qd7 15. a4 b4 16. Nce4 Qxa4 17. Kb1 O-O-O 18. Nf7 Nd7 19. Neg5 Bd5 20. b3 Qa5 21. Qe2 Kb7 22. Nxh8 Rxh8 23. Nxe6 Bf6 24. Bxg6 c5 25. Be4 Nb6 26. Bxd5+ Nxd5 27. Qe4 cxd4 28. f5 Kb8 29. Bxd4 Nc3+ 30. Bxc3 Bxc3 0-1


[Site "https://www.chess.com"]

[Event "Titled Tuesday Blitz February 28 Early 2023"]
[White "Buchenau, Frank"]
[Black "Kaufman, Raymond"]
[WhiteFideId "4604350"]
[BlackFideId "2015056"]
[WhiteElo "2157"]
[BlackElo "2321"]
[Result "1-0"]
[Round "10"]
[TimeControl "180+2"]
[Date "2023.02.28"]
[WhiteClock "0:00:02"]
[BlackClock "0:00:01"]

1. e4 e5 2. Nf3 Nc6 3. Bc4 Bc5 4. c3 Nf6 5. d3 d6 6. O-O O-O 7. Nbd2 a5 8. h3 Ba7 9. Re1 Be6 10. Bb5 Ne7 11. Nf1 c6 12. Ba4 Ng6 13. Ng3 d5 14. exd5 Nxd5 15. d4 Ndf4 16. Nxe5 Nxe5 17. Bxf4 Nc4 18. Bc2 Qh4 19. Bc1 Rfe8 20. Re4 Qd8 21. Qd3 g6 22. Rxe6 Rxe6 23. Qxc4 Re1+ 24. Nf1 Qd6 25. Rb1 Rae8 26. Bd2 Rxb1 27. Bxb1 Bb8 28. Be3 b5 29. Qc5 Qxc5 30. dxc5 b4 31. cxb4 axb4 32. Bc2 Be5 33. Ba4 Ra8 34. b3 Kf8 35. Nd2 Bc3 36. Ne4 Ke7 37. Kf1 f5 38. Nxc3 bxc3 39. Ke2 Rd8 40. b4 Ra8 41. Bb3 Rb8 42. a3 Ra8 43. Kd3 Rxa3 44. Kxc3 Ra1 45. Bc4 Rb1 46. Bd2 Kf6 47. Bf4 g5 48. Bd6 h5 49. Bd3 Ra1 50. b5 Ra3+ 51. Kc2 cxb5 52. Bxb5 Ke6 53. Bc7 Ra2+ 54. Kb3 Rxf2 55. c6 Rxg2 56. Bb6 Rg3+ 57. Kc4 Rg2 58. Bd4 Rc2+ 59. Bc3 Kd6 60. Ba4 Rc1 61. Kd3 Kc7 62. Bd2 Ra1 63. Bb5 Ra3+ 64. Kc4 g4 65. Bf4+ Kc8 66. c7 g3 67. Kc5 1-0


[Site "https://www.chess.com"]

[Event "Titled Tuesday Blitz February 28 Early 2023"]
[White "Shubenkova, Veronika"]
[Black "Burke, John F"]
[WhiteFideId "44124040"]
[BlackFideId "2052970"]
[WhiteElo "2027"]
[BlackElo "2237"]
[Result "0-1"]
[Round "10"]
[TimeControl "180+2"]
[Date "2023.02.28"]
[WhiteClock "0:00:21"]
[BlackClock "0:00:14"]

1. e4 c5 2. Nc3 Nc6 3. g3 g6 4. Bg2 Bg7 5. d3 d6 6. f4 e5 7. Nf3 Nge7 8. Rb1 O-O 9. O-O f5 10. Be3 Nd4 11. Ne2 fxe4 12. dxe4 Bg4 13. c3 Nxe2+ 14. Qxe2 Qd7 15. Rbd1 Nc6 16. Bxc5 exf4 17. Bxd6 Rf7 18. Bxf4 Qe8 19. h3 Be6 20. Ng5 Re7 21. Nxe6 Rxe6 22. e5 Kh8 23. Bxc6 Qxc6 24. Rd6 Qxd6 25. exd6 Rxe2 26. Rd1 Bf6 27. Kf1 Rxb2 28. d7 Rd8 29. Bc7 Kg7 30. Rd6 Be7 31. Bxd8 Bxd8 32. Ke1 Kf7 33. a4 Ke7 34. Rd3 Ra2 35. Rd4 Rg2 36. Rd3 Ra2 37. g4 Rxa4 38. Ke2 Ra6 39. Rd1 Re6+ 40. Kf3 Rd6 41. Ra1 a6 42. Kf4 Kxd7 43. Ke5 Bc7 44. Ke4 Rc6 45. Kd4 b5 46. Rf1 Bb6+ 47. Kd5 Rd6+ 48. Ke4 Kc6 49. Rf8 h6 50. Rh8 g5 51. Rc8+ Kb7 52. Rf8 Rc6 53. Kd3 Ba5 54. Rf7+ Kb6 55. Kd4 Rxc3 56. Ke5 Rc6 57. Kd5 b4 58. Rf8 Kb7 59. Rf7+ Bc7 60. Rf3 a5 61. Rb3 Kb6 62. Rb1 Kb5 63. Rb2 Bb6 64. Rb1 Rc5+ 65. Kd6 a4 66. Rf1 b3 67. Rf7 Rc6+ 68. Kd5 b2 69. Rf1 a3 70. h4 a2 71. hxg5 hxg5 72. Rd1 b1=Q 73. Rxb1+ axb1=Q 74. Ke5 Rc5+ 75. Kf6 Qf1+ 76. Kg6 Rc6+ 77. Kh5 Qh3+ 78. Kxg5 Be3+ 79. Kf5 Qf3+ 80. Ke5 Qf4+ 81. Kd5 Qd4# 0-1


[Site "https://www.chess.com"]